AoeStats
← LittleCaesar

Arabia

510438929Analyzed
1v1 RM · 1d ago on Oct 1, 2026· 26m 12s· 2 players
Game mode
Random Map
Map size
Tiny (2 player)
Population
200
Speed
Normal
Resources
Standard
Victory
Conquest
Starting age
Dark Age
Ending age
Imperial Age
RankedLock teamsTeams togetherTeam positionsShared explorationLock speedFull tech treeHidden civsTurbo modeCheats
Victory
Defeat
🇹🇼 Burgundians · Taiwan
1379
+16
🇦🇺 Tatars · Australia
1371
-16
LittleCaesar
7:01 Loom
10:10 Feudal Age
10:36 Double-Bit Axe
14:55 Fletching
24:50 Castle Age
23:59 Bloodlines
23:56 Scale Barding Armor
24:53 Forging
24:48 Horse Collar
26:08 Chain Barding Armor
25:51 Husbandry
DonkeyKong
3:28 Double-Bit Axe
6:29 Loom
9:16 Feudal Age
10:43 Bow Saw
13:23 Fletching
15:45 Padded Archer Armor
23:45 Castle Age
23:03 Forging
22:34 Horse Collar
24:26 Scale Barding Armor
24:14 Crossbowman
Connection lost

Rejoining the realm…

Still unreachable

The connection could not be restored.

Session expired

The server has moved on; the page needs a fresh start.